 Dungeon Crawl Stone Soup version 0.31.0-9-g3a7656b989 (webtiles) character file.

Game seed: 4863067104739766214

256 Kenran the Ruffian (level 6, -1/44 HPs)
             Began as a Merfolk Shapeshifter on Jan 25, 2024.
             Was an Initiate of Cheibriados.
             Slain by Edmund
             ... wielding a +2 dire flail of holy wrath
              (6 damage)
             ... on level 4 of the Dungeon.
             The game lasted 00:06:47 (3849 turns).

Kenran the Ruffian (Merfolk Shapeshifter)           Turns: 3849, Time: 00:06:48

Health: -1/44      AC:  2    Str: 23    XL:     6   Next: 15%
Magic:  6/6        EV: 12    Int: 11    God:    Cheibriados [......]
Gold:   219        SH:  0    Dex: 14    Spells: 5/5 levels left

rFire   . .          .
                       - Unarmed
rCold   . . .        (no shield)
rNeg    . . .        a - +0 animal skin
rPois   .            (helmet currently unavailable)
rElec   .            (cloak currently unavailable)
rCorr   .            (gloves currently unavailable)
SInv    .            (boots currently unavailable)
Will    .....        (no amulet)
Stlth   +            g - +6 ring of strength
HPRegen 0.27/turn    (no ring)
MPRegen 0.10/turn

%: no passive effects
@: beast-form, very slow
A: beast (slay +3), (nimble swimmer 2), mertail
a: Begin Untransformation, Renounce Religion


You were on level 4 of the Dungeon.
You worshipped Cheibriados.
Cheibriados was noncommittal.
You were a hulking beast.
You visited 1 branch of the dungeon, and saw 4 of its levels.

You collected 219 gold pieces.

Inventory:

Missiles
 p - a throwing net (quivered)
Armour
 a - a +0 animal skin (worn)
 b - a +0 helmet
 l - a +0 pair of boots
 z - a +0 cloak
Jewellery
 g - a +6 ring of strength (left hand)
 u - a ring of ice
Talismans
 c - a beast talisman (active)
 d - a flux talisman
Wands
 r - a wand of digging (5)
Scrolls
 e - 2 scrolls of amnesia
 f - 2 scrolls of poison {!r}
 i - a scroll of enchant armour {unknown}
 o - a scroll of teleportation {unknown}
 q - a scroll of silence {unknown}
 v - 2 scrolls of identify {@r1}
 y - a scroll of fog
Potions
 j - a potion of might {unknown}
 k - a potion of berserk rage {unknown}
 m - a potion of curing {@q1}
 n - a potion of enlightenment {unknown}
 s - a potion of haste {unknown}
 t - a potion of mutation {unknown}
 x - a potion of cancellation {unknown}


   Skills:
 - Level 2.0 Fighting
 - Level 2.6 Dodging
 - Level 6.0 Unarmed Combat
 + Level 5.8 Shapeshifting


You had 5 spell levels left.
You didn't know any spells.
Your spell library contained the following spells:

 Spells                   Type           Power      Damage    Failure   Level
 Foxfire                  Conj/Fire      0%         2x1d4     34%         1
 Slow                     Hex            0%         N/A       34%         1
 Confusing Touch          Hex            0%         N/A       71%         3
 Sigil of Binding         Hex            0%         N/A       71%         3
 Vampiric Draining        Necr           0%         2d6       71%         3
 Plasma Beam              Fire/Air       0%         2x1d10    100%        6
 Starburst                Conj/Fire      0%         6d3       100%        6


Dungeon Overview and Level Annotations

Branches:
Dungeon (4/15)
 Temple: D:4-7

Altars:
Cheibriados
Nemelex Xobeh
Wu Jian

Annotations:
D:4 Edmund, Sigmund


Innate Abilities, Weirdness & Mutations

You are a hulking beast.
Your limbs bulge with bestial killing power. (Slay +3)
((You are very nimble when in or above water. (Stealth+, EV+, Speed+++)))
Your lower body shifts to a powerful aquatic tail in water.


Message History

Sigmund the Dreaded comes into view.
He is wielding a +0 scythe.
Sigmund barely misses you.
Okay, then.
Okay, then.
Okay, then.
Okay, then.
Edmund the Younger comes into view.
He is wielding a +2 dire flail of holy wrath.
Edmund shouts!
Press: ? - help, v - describe, . - travel
Here: Edmund, wielding a +2 dire flail of holy wrath and wearing a +0 scale mail The floor.
Okay, then.
As you read the scroll labelled IJIONG POOCH, it crumbles to dust.
It is a scroll of amnesia.
You feel forgetful for a moment.
Sigmund points at you and mumbles some strange words.
You are confused.
You are too confused!
Unknown command.
It was a potion of curing.
You feel better. Sigmund misses you.
Edmund hits you with a +2 dire flail of holy wrath!
Okay, then.
As you read the scroll labelled SAQUVE MOENIKE, it crumbles to dust.
It is a scroll of identify.
y - a scroll of fog Edmund hits you with a +2 dire flail of holy wrath!
Sigmund gestures at you while chanting. The puff of flame hits you.
As you read the scroll labelled RUIDIVV UH UBB, it crumbles to dust.
The creatures around you are filled with an inner flame!
It was a scroll of immolation.
Edmund hits you with a +2 dire flail of holy wrath.
Sigmund hits you with a +0 scythe!
* * * LOW HITPOINT WARNING * * *
As you read the scroll labelled SYSEEH BIADAOX, it crumbles to dust.
It is a scroll of enchant weapon.
You aren't carrying any weapons that can be enchanted.
Edmund hits you with a +2 dire flail of holy wrath.
You die...
Edmund whines, "They better pay attention to me now!"

..#......#..#[#... #.## ##
#......†....#.... #.# ##.
####..##....#...# #.#### #..
#..##)#..#...# #....## #.#
#.....)#..#...####.....######.#
#.###..##.#...#~~#..........#.#
#. ...##.....#..#..........#.# #.
..#.##.....#@.#..........#.#
#.##..#.#...h@.#.....#.......
#.#.###...#..##..#....##......#
#.#[# ##..#..[#..#...###....#.# #
#.#.# #..#..##.##.#........#.# #
#.#.#####.#.## ..#.#.##.##..#.# #
#.#.......#.. ..#...##.##.....
###.#.......#..#####.####..>.....
..#.#.......#..#.PP..............
#.........).####.P...######......


You could see Edmund (inner flame) and Sigmund (inner flame).

Vanquished Creatures
  An orc priest (D:3)
  A jelly (D:4)
  A sleepcap (D:4)
  2 gnolls
  5 adders
  2 ribbon worms
  3 dart slugs
  3 orcs (D:3)
  8 endoplasms
  5 giant cockroaches
  14 goblins
  10 hobgoblins
  3 jackals (D:2)
  7 quokkas
  8 ball pythons
  8 bats
  4 frilled lizards
  4 kobolds
  4 rats
93 creatures vanquished.

Notes
Turn   | Place    | Note
-------+----------+-------------------------------------------
     0 | D:1      | Kenran the Merfolk Shapeshifter began the quest for the
                  | Orb.
     0 | D:1      | Reached XP level 1. HP: 15/15 MP: 1/1
   251 | D:1      | Reached XP level 2. HP: 12/21 MP: 2/2
   319 | D:1      | Reached skill level 4 in Unarmed Combat
   582 | D:1      | Reached XP level 3. HP: 26/26 MP: 3/3
  1395 | D:2      | Reached skill level 5 in Unarmed Combat
  1411 | D:2      | Reached XP level 4. HP: 24/32 MP: 4/4
  2014 | D:3      | Found an ornate altar of the Wu Jian Council.
  2250 | D:3      | Reached skill level 6 in Unarmed Combat
  2266 | D:3      | Reached XP level 5. HP: 9/38 MP: 5/5
  2624 | D:3      | Found a snail-covered altar of Cheibriados.
  2940 | D:3      | Found a sparkling altar of Nemelex Xobeh.
  3183 | D:3      | Became a worshipper of Cheibriados the Contemplative
  3376 | D:4      | Reached skill level 5 in Shapeshifting
  3567 | D:4      | Reached XP level 6. HP: 34/44 MP: 6/6
  3843 | D:4      | Noticed Sigmund
  3844 | D:4      | Noticed Edmund
  3849 | D:4      | Slain by Edmund

Illustrated notes

Levels and vault maps discovered:
D:1:      dpeg_arrival_three_smaller_balls, layout_basic, minmay_heptomino_o4
D:2:      layout_rooms
D:3:      layout_loops_ring, nicolae_overflow_crystal_walls,
          nemelex_diamond_rough_becter, mainiacjoe_overflow_tiny_flanked,
          serial_aquarium, aquarium_bridge_island_small
          [aquarium_subvault_small_open, aquarium_subvault_wall,
          aquarium_subvault_bridge, aquarium_subvault_bridge,
          aquarium_subvault_bridge], aquarium_window_1, aquarium_window_2,
          aquarium_window_1, aquarium_window_3, aquarium_view_2c,
          aquarium_view_2d, aquarium_balcony_double_1,
          minmay_misc_feat_enclosed, grunt_ministairs_9, minmay_misc_feat_iff,
          minmay_goblin_outpost
D:4:      layout_rooms, sigmund_edmund_badplayer

Skill      XL: |  1  2  3  4  5 |
---------------+----------------+-----
Unarmed Combat | 4 5 6 |  6.0
Fighting       | 2 |  2.0
Shapeshifting  | 5 |  5.8
Dodging        | |  2.6

Action                     |  1- 3 |  4- 6 || total
---------------------------+-------+-------++-------
  Melee: Unarmed           |    79 |   122 ||   201
         Punch             |     2 |     6 ||     8
    Use: Potion            |     1 |     1 ||     2
         Scroll            |     1 |     4 ||     5
   Stab: Sleeping          |     1 |     2 ||     3
 Armour: Animal skin       |    37 |    80 ||   117
         Skin              |     1 |       ||     1
  Dodge: Dodged            |    34 |    76 ||   110
   Form: Beast             |     1 |       ||     1
